 Dungeon Sprint DCSS version 0.31-a0-636-ge1c0e020e0 (webtiles) character file.

Game seed: 1923791616278505786

4635 Conn the Arsonist (level 10, -8/62 HPs)
             Began as an Octopode Fire Elementalist on Aug 26, 2023.
             Was an Elder of Sif Muna.
             Mangled by a sphinx (9 damage)
             ... while paralysed by a sphinx
             ... in the Dungeon (Sprint II: "The Violet Keep of Menkaure").
             The game lasted 00:17:25 (1718 turns).

Conn the Arsonist (Octopode Fire Elementalist)      Turns: 1718, Time: 00:17:26

Health: -8/62      AC:  1    Str:  8    XL:     10   Next: 43%
Magic:  20/34      EV:  2    Int: 22    God:    Sif Muna [****..]
Gold:   44         SH:  0    Dex: 12    Spells: 3/32 levels left

rFire   + . .        o - staff of air
rCold   x . .        (no shield)
rNeg    + . .        (helmet restricted)
rPois   .            (no amulet)
rElec   +            c - ring of magical power
rCorr   .            i - ring of positive energy
SInv    .            r - ring of fire
Will    .....        (no ring)
Stlth   +++++        (no ring)
HPRegen 0.30/turn    (no ring)
MPRegen 0.24/turn    (no ring)
                     (no ring)

%: no teleportation
@: paralysed, slowed
A: almost no armour, amphibious, 8 rings, camouflage 1, gelatinous body 1,
(nimble swimmer 1), tentacles
a: Renounce Religion, Channel Magic, Forget Spell, Divine Exegesis


You were in the Dungeon.
You worshipped Sif Muna.
Sif Muna was greatly pleased with you.
You visited 1 branch You collected 1423 gold pieces.
You spent 1379 gold pieces at shops.

Inventory:

Magical Staves
 o - a staff of air (weapon)
Jewellery
 c - a ring of magical power (left tentacle)
 i - a ring of positive energy (right tentacle)
 r - a ring of fire (on tentacle)
Scrolls
 e - a scroll of amnesia
 f - a scroll of blinking
 k - 2 scrolls of immolation
 l - a scroll of identify
 n - 2 scrolls of revelation
 p - 2 scrolls of silence
Potions
 a - 6 potions of magic
 b - 5 potions of curing
 d - 3 potions of haste
 g - 3 potions of lignification
 h - a potion of heal wounds
 j - 3 potions of enlightenment
 m - 2 potions of resistance
 q - 3 potions of brilliance


   Skills:
 + Level 2.9 Fighting
 + Level 6.6 Dodging
 - Level 7.7 Stealth
 - Level 4.4 Unarmed Combat
 + Level 11.5 Spellcasting
 * Level 8.2 Conjurations
 + Level 1.3 Hexes
 + Level 1.4 Translocations
 + Level 14.9 Fire Magic
 * Level 0.6 Air Magic
 - Level 1.0 Poison Magic
 * Level 8.5 Invocations


You had 3 spell levels left.
You knew the following spells:

 Your Spells              Type           Power      Damage    Failure   Level
a - Foxfire               Conj/Fire      100%       2x1d9     1%          1
b - Scorch                Fire           100%       2d9       1%          2
c - Inner Flame           Hex/Fire       64%        N/A       1%          3
d - Flame Wave            Conj/Fire      77%        2d17      1%          4
e - Iskenderun's Mystic   Conj/Tloc      33%        2d8       7%          4
f - Mephitic Cloud        Conj/Pois/Air  40%        N/A       4%          3
g - Starburst             Conj/Fire      38%        6d11      7%          6
h - Plasma Beam           Fire/Air       40%        2x1d54    32%         6

Your spell library contained the following spells:

 Spells                   Type           Power      Damage    Failure   Level
 Volatile Blastmotes      Fire/Tloc      100%       2d18      1%          3
 Poisonous Vapours        Pois/Air       48%        N/A       5%          2
 Portal Projectile        Hex/Tloc       36%        N/A       9%          3
 Tukima's Dance           Hex            18%        N/A       9%          3
 Freezing Cloud           Conj/Ice/Air   19%        6-21      41%         5


Dungeon Overview and Level Annotations

Branches:
Dungeon (1/1)

Altars:
Cheibriados
Dithmenos
Elyvilon
Fedhas
Gozag
Hepliaklqana
Kikubaaqudgha
Makhleb
Nemelex Xobeh
Okawaru
Qazlal
Ru
Sif Muna
Trog
Uskayaw
Vehumet
Wu Jian
Xom
Yredelemnul
Zin
The Shining One
Jiyva
Lugonu

Shops:
D :([!=((:[?:!(=:

Annotations:
D exclusion: oklob plant


Innate Abilities, Weirdness & Mutations

You cannot wear most types of armour.
You are amphibious.
You can wear up to eight rings at the same time.
Your skin changes colour to match your surroundings (Stealth+).
Your rubbery body absorbs attacks. (AC +1, EV +1)
((You are camouflaged when in or above water. (Stealth+)))
You have tentacles for arms and can constrict up to eight enemies at once.


Message History

Casting: Mephitic Cloud (dangerous; 4% risk of failure)
Confirm with . or Enter, or press ? or * to list all spells.
You erupt in a blast of force!
The mystic blast hits the sphinx!
The sphinx is lightly wounded.
The mystic blast hits the sphinx.
The sphinx is lightly wounded.
The sphinx is knocked back by the mystic blast.
The sphinx casts a spell.
You barely resist.
Unknown command.
Unknown command.
Casting: Iskenderun's Mystic Blast (dangerous; 7% risk of failure)
Confirm with . or Enter, or press ? or * to list all spells.
You erupt in a blast of force!
The mystic blast hits the sphinx!
The sphinx is moderately wounded.
The mystic blast hits the sphinx but does no damage.
The sphinx is lightly wounded.
The sphinx casts a spell.
You feel yourself slow down.
Unknown command.
Casting: Iskenderun's Mystic Blast (dangerous; 7% risk of failure)
Confirm with . or Enter, or press ? or * to list all spells.
You erupt in a blast of force!
The mystic blast hits the sphinx.
The sphinx is moderately wounded.
The sphinx is knocked back by the mystic blast.
The mystic blast hits the sphinx!
The sphinx is lightly wounded.
The sphinx is knocked back by the mystic blast.
The sphinx casts a spell.
You suddenly lose the ability to move!
The sphinx hits you. The sphinx hits you! x3
* * * LOW HITPOINT WARNING * * *
The sphinx hits you.
* * * LOW HITPOINT WARNING * * *
The sphinx hits you.
* * * LOW HITPOINT WARNING * * *
The sphinx hits you!
* * * LOW HITPOINT WARNING * * *
The sphinx hits you!
You die...

.##.#▓.[.....(▓▓
...##▓▓▓▓▓▓▓'▓▓▓▓+▓
~~~~~~)~~~~~...≈≈≈▓
#'########§###.≈≈≈▓
#_._._...#~§§##≈≈≈▓
#._._._._#~~§§####▓▓ ▓
#_._._._.#~§~§≈##§.# $▓
#._._._._#§§§§≈§#H§#$.▓
#.._._._.#~§~~§§@H§'$$▓
#..._._._#~§~§§§#..#$.▓
#...._._.#~~≈§§§▓..# $▓
#....._..#~§≈§▓▓▓▓▓▓ ▓
##########§≈≈≈▓.zz≈≈≈
#~~~~~~~~~§§§≈▓z.z≈≈≈
#~########≈▓▓▓▓▓▓▓▓▓≈
#~# #▓▓ +~#


You could see 2 sphinxes.

Vanquished Creatures
  2 boulder beetles (D)
  2 deep trolls (D)
  A yaktaur (D)
  3 polar bears (D)
  A hornet (D)
  2 wyverns (D)
  Menkaure (D)
  4 water moccasins (D)
  4 necrophages (D)
  4 scorpions (D)
  A lava snake (D)
  A hell rat (D)
26 creatures vanquished.

Vanquished Creatures (others)
  49 foxfires (D)
  8 tentacles (D)
57 creatures vanquished.

Grand Total: 83 creatures vanquished

Notes
Turn   | Place    | Note
-------+----------+-------------------------------------------
     0 | D        | Conn the Octopode Fire Elementalist began the quest for the
                  | Orb.
     0 | D        | Reached XP level 1. HP: 11/11 MP: 3/3
     1 | D        | Noticed a boulder beetle
     1 | D        | Noticed a boulder beetle
     4 | D        | Noticed a necrophage
     4 | D        | Noticed a necrophage
     4 | D        | Noticed a necrophage
     4 | D        | Noticed a necrophage
    10 | D        | Killed a necrophage
    11 | D        | Reached skill level 1 in Unarmed Combat
    11 | D        | Reached skill level 6 in Fire Magic
    11 | D        | Reached XP level 2. HP: 17/17 MP: 3/6
    11 | D        | Reached XP level 3. HP: 21/21 MP: 4/8
    11 | D        | Reached XP level 4. HP: 27/27 MP: 4/9
    13 | D        | Killed a necrophage
    14 | D        | Reached skill level 7 in Fire Magic
    14 | D        | Reached XP level 5. HP: 31/31 MP: 4/11
    16 | D        | Reached skill level 5 in Stealth
    16 | D        | Reached skill level 8 in Fire Magic
    21 | D        | Reached skill level 5 in Spellcasting
    21 | D        | Reached skill level 9 in Fire Magic
    21 | D        | Reached XP level 6. HP: 30/36 MP: 4/13
    30 | D        | Learned a level 2 spell: Scorch
    34 | D        | Learned a level 3 spell: Inner Flame
    39 | D        | Learned a level 4 spell: Flame Wave
    45 | D        | Found Errieck's Antique Armour Boutique.
    45 | D        | Found Boippid's Book Shop.
    45 | D        | Found Ninagij's Magic Scroll Shop.
    45 | D        | Found Qeptym's Weapon Shop.
    45 | D        | Found Qimypn's Weapon Boutique.
    46 | D        | Found Nuefoh's Book Shop.
    46 | D        | Found Licsich's Distillery.
    46 | D        | Found Cowaut's Book Shop.
    46 | D        | Found Zakholyr's Antique Weapon Boutique.
    46 | D        | Found Jeikk's Jewellery Shop.
    46 | D        | Found Seffuf's Distillery.
    47 | D        | Found Ocaggap's Antique Armour Shop.
    47 | D        | Found Izuir's Antique Weapon Boutique.
    48 | D        | Found Fuvoarph's Jewellery Boutique.
    48 | D        | Noticed Menkaure
    48 | D        | Noticed a polar bear
    49 | D        | Noticed a polar bear
    55 | D        | Killed Menkaure
    56 | D        | Reached skill level 5 in Dodging
    56 | D        | Reached skill level 10 in Fire Magic
    85 | D        | Noticed a flying skull
    85 | D        | Noticed a flying skull
    87 | D        | Noticed a water moccasin
    92 | D        | Found an iron altar of Okawaru.
    92 | D        | Found an opulent altar of Gozag.
    95 | D        | Killed a water moccasin
    96 | D        | Reached XP level 7. HP: 32/41 MP: 1/16
    96 | D        | Found a sparkling altar of Nemelex Xobeh.
    96 | D        | Found a blossoming altar of Fedhas.
    97 | D        | Found a radiant altar of Vehumet.
    97 | D        | Found a burning altar of Makhleb.
    97 | D        | Found a white marble altar of Elyvilon.
    98 | D        | Found a hide-covered altar of Uskayaw.
    98 | D        | Found a corrupted altar of Lugonu.
    98 | D        | Found a shadowy altar of Dithmenos.
    99 | D        | Found a glowing silver altar of Zin.
    99 | D        | Found a bloodstained altar of Trog.
    99 | D        | Found an ancient bone altar of Kikubaaqudgha.
   100 | D        | Found a basalt altar of Yredelemnul.
   100 | D        | Found a shimmering blue altar of Sif Muna.
   100 | D        | Found a viscous altar of Jiyva.
   101 | D        | Found a shimmering altar of Xom.
   101 | D        | Found a sacrificial altar of Ru.
   103 | D        | Found a glowing golden altar of the Shining One.
   103 | D        | Found an ornate altar of the Wu Jian Council.
   103 | D        | Found a stormy altar of Qazlal.
   103 | D        | Found a snail-covered altar of Cheibriados.
   103 | D        | Found a hazy altar of Hepliaklqana.
   109 | D        | Became a worshipper of Sif Muna the Loreminder
   122 | D        | Noticed a kraken
   144 | D        | Reached skill level 11 in Fire Magic
   147 | D        | Reached * piety under Sif Muna
   163 | D        | Noticed a wyvern
   163 | D        | Noticed a wyvern
   171 | D        | Noticed a fire dragon
   173 | D        | Noticed an oklob plant
   174 | D        | Found Muuhel's Book Shoppe.
   180 | D        | Noticed a manticore
   195 | D        | Bought 2 potions of lignification for 72 gold pieces
   197 | D        | Bought a book of Weapons for 364 gold pieces
   202 | D        | Learned a level 4 spell: Iskenderun's Mystic Blast
   215 | D        | Killed a wyvern
   216 | D        | Reached skill level 12 in Fire Magic
   216 | D        | Reached XP level 8. HP: 31/47 MP: 11/18
   218 | D        | Killed a wyvern
   218 | D        | Reached ** piety under Sif Muna
   243 | D        | Bought a ring of magical power for 220 gold pieces
   249 | D        | Bought a potion of heal wounds for 55 gold pieces
   365 | D        | Noticed a hornet
   365 | D        | Noticed a polar bear
   366 | D        | Noticed a yaktaur
   619 | D        | Reached skill level 1 in Fighting
   735 | D        | Noticed a flying skull
   736 | D        | Noticed a flying skull
   736 | D        | Noticed a flying skull
   736 | D        | Noticed a flying skull
   736 | D        | Noticed a flying skull
   736 | D        | Noticed a flying skull
   739 | D        | Noticed a deep troll
   746 | D        | Noticed a deep troll
   757 | D        | Killed a deep troll
   758 | D        | Reached skill level 5 in Conjurations
   758 | D        | Reached skill level 13 in Fire Magic
   758 | D        | Reached skill level 5 in Invocations
   758 | D        | Reached XP level 9. HP: 54/54 MP: 8/21
   791 | D        | Killed a deep troll
   791 | D        | Reached *** piety under Sif Muna
   995 | D        | Noticed a polar bear
  1003 | D        | Killed a polar bear
  1004 | D        | Reached skill level 14 in Fire Magic
  1004 | D        | Killed a polar bear
  1005 | D        | Reached skill level 10 in Spellcasting
  1010 | D        | Killed a hornet
  1010 | D        | Reached **** piety under Sif Muna
  1010 | D        | Killed a yaktaur
  1139 | D        | Noticed a polar bear
  1143 | D        | Killed a polar bear
  1144 | D        | Reached XP level 10. HP: 34/61 MP: 24/24
  1278 | D        | Bought a book of Vapours for 260 gold pieces
  1282 | D        | Learned a level 3 spell: Mephitic Cloud
  1336 | D        | Killed a boulder beetle
  1456 | D        | Killed a boulder beetle
  1457 | D        | Reached skill level 1 in Hexes
  1457 | D        | Reached skill level 1 in Translocations
  1457 | D        | Reached skill level 1 in Poison Magic
  1483 | D        | Bought a book of Fire for 320 gold pieces
  1490 | D        | Learned a level 6 spell: Starburst
  1497 | D        | Learned a level 6 spell: Plasma Beam
  1502 | D        | Bought a potion of heal wounds for 55 gold pieces
  1502 | D        | Bought a potion of lignification for 33 gold pieces
  1710 | D        | Noticed a sphinx
  1710 | D        | Noticed a sphinx
  1716 | D        | Paralysed by a sphinx for 5 turns
  1718 | D        | HP: 1/62 [sphinx (9)]
  1718 | D        | Mangled by a sphinx

Illustrated notes

Levels and vault maps discovered:
D:        the_violet_keep_of_menkaure [sprint2_stairs_cluster_1,
          sprint2_shoproom, sprint2_temple, sprint2_basic_supplies,
          sprint2_obstacle_5, sprint2_obstacle_1, sprint2_obstacle_6,
          sprint2_obstacle_2, sprint2_obstacle_3, sprint2_timed_cluster_1,
          sprint2_smallroom_cluster_1, sprint2_smallroom_final_cluster_1,
          sprint2_transparent_cluster_1, sprint2_second_timed_cluster_1,
          sprint2_sniper_area_1, sprint2_heavy_combat_area_1,
          sprint2_mutation_trap_area_1, sprint2_forest_area_1,
          sprint2_light_combat_area_1, sprint2_behind_water_1,
          sprint2_near_end_vault_1]

Skill      XL: |  1  2  3  4  5  6  7  8  9 10 |
---------------+-------------------------------+-----
Dodging        | 3 4 5 6 |  6.6
Stealth        | 4 5 6 7 |  7.7
Unarmed Combat | 1 2 3 4 |  4.4
Spellcasting   | 3 4 5 6 7 8 10 11 | 11.5
Fire Magic     | 6 7 9 10 12 13 14 | 14.9
Conjurations   | 2 3 5 7 8 |  8.2
Invocations    | 2 5 7 8 |  8.5
Fighting       | 1 2 |  2.9
Hexes          | 1 |  1.3
Translocations | 1 |  1.4
Poison Magic   | 1 |  1.0
Air Magic      | |  0.6

Action                     |  1- 3 |  4- 6 |  7- 9 | 10-12 || total
---------------------------+-------+-------+-------+-------++-------
  Melee: Unarmed           |     5 |     9 |       |       ||    14
         Tentacles         |     1 |     3 |       |     1 ||     5
         Constrict         |     1 |     3 |       |     1 ||     5
         Staff             |       |       |       |     3 ||     3
   Cast: Foxfire           |       |    11 |    21 |     1 ||    33
         Scorch            |       |     2 |    24 |     6 ||    32
         Flame Wave        |       |       |     6 |     3 ||     9
         Inner Flame       |       |       |     1 |     3 ||     4
         Mephitic Cloud    |       |       |       |    12 ||    12
         Iskenderun's Myst |       |       |       |     6 ||     6
 Invoke: Channel Magic     |       |       |       |     1 ||     1
    Use: Potion            |     1 |       |     6 |     1 ||     8
         Scroll            |       |       |     5 |       ||     5
   Stab: Confused          |       |       |       |     1 ||     1
 Armour: Skin              |       |     1 |       |       ||     1
  Dodge: Dodged            |     1 |     1 |    15 |     5 ||    22

Table legend: (Time is in decaauts)
 A = Elapsed time spent in this place.
 B = Non-inter-level travel time spent in this place.
 C = Inter-level travel time spent in this place.
 D = Time resting spent in this place.
 E = Time spent auto-exploring this place.
 F = Levels seen in this place.
 G = Mean time per level.
                   A        B        C        D        E       F      G
               +--------+--------+--------+--------+--------+-----+--------+
         Total |   1721 |   1721 |      0 |    842 |      0 |   1 | 1721.0 |
       Dungeon |   1721 |   1721 |      0 |    842 |      0 |   1 | 1721.0 |
               +--------+--------+--------+--------+--------+-----+--------+

Top non-repeatable levels by time:
       D: 1721 daAuts
